 Dungeon Crawl Stone Soup version 0.21-a0-517-gd76cfe0 (webtiles) character file.

113 Firecrotchwizard the Charmwright (level 4, -5/38 HPs)
             Began as a Gnoll Skald on Dec 3, 2017.
             Slain by a gnoll (6 damage)
             ... on level 4 of the Dungeon.
             The game lasted 00:05:14 (2701 turns).

Firecrotchwizard the Charmwright (Gnoll Skald)      Turns: 2701, Time: 00:05:14

Health: -5/38      AC:  4    Str: 13    XL:     4   Next: 96%
Magic:  5/11       EV: 14    Int: 17    God:
Gold:   153        SH:  0    Dex: 14    Spells: 2/13 levels left

rFire    . . .     SeeInvis .   a - +0 falchion
rCold    . . .     Gourm    .   (no shield)
rNeg     . . .     Faith    .   b - +0 leather armour
rPois    .         Spirit   .   (no helmet)
rElec    .         Reflect  .   q - scarf {repulsion}
rCorr    .         Harm     .   (no gloves)
MR       .....                  j - +0 pair of boots
Stlth    ++........             (no amulet)
HPRegen  0.12/turn              (no ring)
MPRegen  0.12/turn              (no ring)

@: singing, repel missiles
A: distributed training, fangs 1, strong nose
a: no special abilities


You were on level 4 of the Dungeon.
You were not hungry.

You visited 1 branch of the dungeon, and saw 4 of its levels.

You collected 153 gold pieces.

Inventory:

Hand Weapons
 a - a +0 falchion (weapon)
 h - a +2 dagger of flaming
   (You took it off a goblin on level 1 of the Dungeon)
Armour
 b - a +0 leather armour (worn)
 j - a +0 pair of boots (worn)
   (You found it on level 2 of the Dungeon)
 q - a scarf of repulsion (worn)
   (You found it on level 3 of the Dungeon)
Jewellery
 r - an uncursed ring of fire {rF+, rC-}
   (You found it on level 3 of the Dungeon)
Scrolls
 e - 2 scrolls of remove curse {unknown}
 f - 5 scrolls of identify {unknown}
 m - a scroll of teleportation {unknown}
 o - 3 scrolls of random uselessness {unknown}
 t - 3 scrolls of blinking {unknown}
 u - a scroll of fear {unknown}
Potions
 i - a potion of curing {unknown}
 k - a potion of lignification {unknown}
 l - 2 potions of might {unknown}
 n - a potion of agility {unknown}
 p - a potion of cancellation {unknown}
Books
 c - a book of Battle
Comestibles
 d - 5 bread rations {@e1}
 g - 2 royal jellies
 s - 2 fruits
 v - 6 chunks of flesh {@w0}


   Skills:
 + Level 4.7 Fighting
 + Level 1.2 Short Blades
 + Level 4.7 Long Blades
 + Level 1.2 Axes
 + Level 1.2 Maces & Flails
 + Level 1.2 Polearms
 + Level 1.2 Staves
 + Level 1.2 Slings
 + Level 1.2 Bows
 + Level 1.2 Crossbows
 + Level 1.2 Throwing
 + Level 2.8 Armour
 + Level 4.7 Dodging
 + Level 1.2 Stealth
 + Level 1.2 Shields
 + Level 1.2 Unarmed Combat
 + Level 5.1 Spellcasting
 + Level 1.0 Conjurations
 + Level 1.0 Hexes
 + Level 5.5 Charms
 + Level 1.0 Summonings
 + Level 1.0 Necromancy
 + Level 1.0 Translocations
 + Level 1.0 Transmutations
 + Level 1.0 Fire Magic
 + Level 1.0 Ice Magic
 + Level 1.0 Air Magic
 + Level 1.0 Earth Magic
 + Level 1.0 Poison Magic
 + Level 1.4 Invocations
 + Level 1.2 Evocations


You had 2 spell levels left.
You knew the following spells:

 Your Spells              Type           Power        Failure   Level  Hunger
a - Infusion              Chrm           ###.         1%          1    None
r - Regeneration          Chrm/Necr      ###.......   14%         3    ###....
s - Shroud of Golubria    Chrm/Tloc      ###.......   7%          2    #......
z - Spectral Weapon       Hex/Chrm       ###.....     14%         3    ###....
S - Song of Slaying       Chrm           ###.....     2%          2    #......


Dungeon Overview and Level Annotations

Branches:
Dungeon (4/15)
 Temple: D:4-7

Altars:
Dithmenos


Innate Abilities, Weirdness & Mutations

Your experience applies equally to all skills.
You have very sharp teeth.
Your uncanny sense of smell can sniff out nearby items.


Message History

You hit the jackal.
You kill the jackal!
No target in view!
You may need something to eat soon, looking for food.
Can't find anything matching that.
Sorry, you're not good enough to have a special ability.
You butcher the jackal corpse.
v - 3 chunks of flesh {@w0} You butcher the jackal corpse.
v - 6 chunks of flesh {@w0} (gained 3) Eating one of 6 chunks of flesh {@w0}.
You eat one of the 6 chunks of flesh {@w0}.
You now have 153 gold pieces (gained 4).
d - 5 bread rations {@e1} (gained 1)
A quokka comes into view.
A quokka is nearby!
The helpless quokka fails to defend itself.
You hit the quokka. The quokka barely misses you.
You hit the quokka.
You kill the quokka!
Your Conjurations skill increases to level 1!
Your Hexes skill increases to level 1!
Your Summonings skill increases to level 1!
Your Necromancy skill increases to level 1!
Your Translocations skill increases to level 1!
Your Transmutations skill increases to level 1!
Your Fire Magic skill increases to level 1!
Your Ice Magic skill increases to level 1!
Your Air Magic skill increases to level 1!
Your Earth Magic skill increases to level 1!
Your Poison Magic skill increases to level 1!
You butcher the quokka corpse.
v - 6 chunks of flesh {@w0} (gained 1)
You see here a quokka skeleton. x2
Found a stone staircase leading up.
You already know all available spells.
Found a stone staircase leading down.
You open the door.
There is an open door here.
A gnoll comes into view. It is wielding a whip.
A gnoll comes into view.
Space distorts slightly along a thin shroud covering your body.
The gnoll shouts!
A gnoll comes into view. It is wielding a halberd.
You now have 9/11 mp.
Okay, then.
You start singing a song of slaying.
The gnoll shouts!
You now have 7/11 mp.
You draw out your weapon's spirit!
You now have 4/11 mp.
The gnoll hits you with a whip.
Your shroud falls apart!
You take 5 damage, and have 33/38 hp.
You hit the gnoll.
Your spectral weapon hits the gnoll.
The gnoll hits your spectral weapon with a whip.
Your spectral weapon shares its damage with you!
You take 2 damage, and have 31/38 hp.
You strike the helpless gnoll from behind!
You hit the gnoll.
Your spectral weapon hits the gnoll.
You kill the gnoll!
The gnoll barely misses you. The gnoll hits you but does no damage.
You barely miss the gnoll.
Your spectral weapon hits the gnoll but does no damage.
The gnoll hits you but does no damage. The gnoll misses you.
The gnoll hits you.
You take 3 damage, and have 28/38 hp.
You hit the gnoll but do no damage.
Your spectral weapon hits the gnoll.
The gnoll barely misses you.
You riposte.
You closely miss the gnoll.
The gnoll hits you from afar with a halberd!
You take 9 damage, and have 19/38 hp.
MASSIVE DAMAGE!!
The gnoll hits you.
Things that are here:
a whip; 5 gold pieces You take 6 damage, and have 13/38 hp.
You hit the gnoll. You bite the gnoll, but do no damage.
The gnoll hits you with a halberd.
* * * LOW HITPOINT WARNING * * *
Your spectral weapon closely misses the gnoll.
The gnoll hits you.
* * * LOW HITPOINT WARNING * * *
You take 5 damage, and have 8/38 hp.
You hit the gnoll.
Your spectral weapon hits the gnoll.
The gnoll hits your spectral weapon with a halberd!
Your spectral weapon shares its damage with you!
Your spectral weapon fades away.
* * * LOW HITPOINT WARNING * * *
The gnoll hits you.
* * * LOW HITPOINT WARNING * * *
The gnoll shouts!
You take 7 damage, and have 1/38 hp.
You hit the gnoll. The gnoll closely misses you.
You riposte.
You barely miss the gnoll. You bite the gnoll, but do no damage.
The gnoll hits you.
* * * LOW HITPOINT WARNING * * *
You hit the gnoll.
You kill the gnoll!
The gnoll hits you.
You die...

#.. ∆ ∆ ##
#.############ ..
#.#..........# #.
#.#.#.^......# #.
#.#..........# # #.
#.#...#'######
..##.#.####.#.###.######
.......g................
.##..)@......#.########
........................
.###..####........######
#.. .........#.##<... #.
.###..###.....### ..
.................. ..
.......#......###. ...
...........#....)
########...#......


You could see a gnoll.

Vanquished Creatures
  4 gnolls
  A worm (D:3)
  3 dart slugs
  4 leopard geckos
  5 orcs (D:3)
  A giant cockroach (D:3)
  4 hobgoblins
  3 jackals (D:4)
  5 quokkas
  4 bats
  5 frilled lizards (D:1)
  5 goblins
  6 kobolds
  A leopard gecko skeleton (D:3)
  2 quokka zombies (D:3)
  5 rats
  A plant (D:3)
59 creatures vanquished.

Vanquished Creatures (others)
  A spectral weapon (D:4)
1 creature vanquished.

Grand Total: 60 creatures vanquished

Notes
Turn   | Place    | Note
-------+----------+-------------------------------------------
     0 | D:1      | Firecrotchwizard the Gnoll Skald began the quest for the Orb.
     0 | D:1      | Reached XP level 1. HP: 20/20 MP: 6/6
   110 | D:1      | Reached XP level 2. HP: 26/26 MP: 7/7
   560 | D:1      | Reached XP level 3. HP: 29/31 MP: 9/9
   684 | D:1      | Learned a level 2 spell: Song of Slaying
   687 | D:1      | Learned a level 2 spell: Shroud of Golubria
   691 | D:1      | Learned a level 3 spell: Regeneration
   695 | D:1      | Learned a level 3 spell: Spectral Weapon
   906 | D:2      | Reached skill level 5 in Spellcasting
  1493 | D:3      | Found a faded altar of an unknown god.
  1602 | D:3      | Reached skill level 1 in Invocations
  1834 | D:3      | Reached skill level 1 in Short Blades
  1834 | D:3      | Reached skill level 1 in Axes
  1834 | D:3      | Reached skill level 1 in Maces & Flails
  1834 | D:3      | Reached skill level 1 in Polearms
  1834 | D:3      | Reached skill level 1 in Staves
  1834 | D:3      | Reached skill level 1 in Slings
  1834 | D:3      | Reached skill level 1 in Bows
  1834 | D:3      | Reached skill level 1 in Crossbows
  1834 | D:3      | Reached skill level 1 in Throwing
  1834 | D:3      | Reached skill level 1 in Stealth
  1834 | D:3      | Reached skill level 1 in Shields
  1834 | D:3      | Reached skill level 1 in Unarmed Combat
  1834 | D:3      | Reached skill level 1 in Evocations
  1836 | D:3      | Reached XP level 4. HP: 32/38 MP: 3/11
  1931 | D:3      | HP: 6/38 [gnoll/spear (5)]
  2427 | D:3      | Found a shadowy altar of Dithmenos.
  2655 | D:4      | Reached skill level 1 in Conjurations
  2655 | D:4      | Reached skill level 1 in Hexes
  2655 | D:4      | Reached skill level 1 in Summonings
  2655 | D:4      | Reached skill level 1 in Necromancy
  2655 | D:4      | Reached skill level 1 in Translocations
  2655 | D:4      | Reached skill level 1 in Transmutations
  2655 | D:4      | Reached skill level 1 in Fire Magic
  2655 | D:4      | Reached skill level 1 in Ice Magic
  2655 | D:4      | Reached skill level 1 in Air Magic
  2655 | D:4      | Reached skill level 1 in Earth Magic
  2655 | D:4      | Reached skill level 1 in Poison Magic
  2698 | D:4      | HP: 8/38 [gnoll (2)]
  2699 | D:4      | HP: 3/38 [gnoll/halberd (5)]
  2699 | D:4      | HP: 1/38 [gnoll (2)]
  2701 | D:4      | Slain by a gnoll

Vault maps used:
D:1:      roderic_crop_circles_arrival_small
D:2:      first_bread
D:3:      wad_woods_tower, lemuel_round_altar, serial_undead, serial_undead_c,
          serial_undead_b, serial_undead_c, serial_undead_d,
          chequers_ecumenical_altar_island
D:4:      minmay_temple_entry_overgrown

Skill      XL: |  1  2  3  4 |
---------------+-------------+-----
Spellcasting   | 5 |  5.1
Invocations    | 1 |  1.4
Short Blades   | 1 |  1.2
Axes           | 1 |  1.2
Maces & Flails | 1 |  1.2
Polearms       | 1 |  1.2
Staves         | 1 |  1.2
Slings         | 1 |  1.2
Bows           | 1 |  1.2
Crossbows      | 1 |  1.2
Throwing       | 1 |  1.2
Stealth        | 1 |  1.2
Shields        | 1 |  1.2
Unarmed Combat | 1 |  1.2
Evocations     | 1 |  1.2
Conjurations   | 1 |  1.0
Hexes          | 1 |  1.0
Summonings     | 1 |  1.0
Necromancy     | 1 |  1.0
Translocations | 1 |  1.0
Transmutations | 1 |  1.0
Fire Magic     | 1 |  1.0
Ice Magic      | 1 |  1.0
Air Magic      | 1 |  1.0
Earth Magic    | 1 |  1.0
Poison Magic   | 1 |  1.0
Fighting       | |  4.7
Long Blades    | |  4.7
Armour         | |  2.8
Dodging        | |  4.7
Charms         | |  5.5

Action                   |  1- 3 |  4- 6 || total
-------------------------+-------+-------++-------
Melee: Falchion          |    41 |    77 ||   118
       Bite              |    13 |    14 ||    27
       Dagger            |    72 |    13 ||    85
 Cast: Shroud of Golubri |     1 |     2 ||     3
       Infusion          |     1 |     1 ||     2
       Song of Slaying   |       |     1 ||     1
       Spectral Weapon   |       |     1 ||     1
 Stab: Sleeping          |     2 |     1 ||     3
       Distracted        |       |     1 ||     1
  Eat: Chunk             |     3 |     3 ||     6
Armor: Leather armour    |    19 |     5 ||    24
Dodge: Dodged            |    72 |    26 ||    98
       Rpst.: Falchion   |    12 |     7 ||    19

Table legend:
 A = Spawn XP
 B = Non-spawn XP
 C = Spawn XP percentage of total XP
 D = Spawn monster count
 E = Non-spawn monster count
 F = Spawn count percentage of total count
 G = Total turns spent on level
                    A         B        C        D         E        F      G
               +---------+---------+-------+---------+---------+-------+---------
         Total |       0 |     162 |   0.0 |       0 |      58 |   0.0 |  2701
               +---------+---------+-------+---------+---------+-------+---------
           D:1 |       0 |      35 |   0.0 |       0 |      22 |   0.0 |   718
           D:2 |       0 |       7 |   0.0 |       0 |       4 |   0.0 |   647
           D:3 |       0 |      84 |   0.0 |       0 |      26 |   0.0 |  1246
           D:4 |       0 |      36 |   0.0 |       0 |       6 |   0.0 |    90
               +---------+---------+-------+---------+---------+-------+---------

Vault maps used:
D:1:      roderic_crop_circles_arrival_small
D:2:      first_bread
D:3:      wad_woods_tower, lemuel_round_altar, serial_undead, serial_undead_c,
          serial_undead_b, serial_undead_c, serial_undead_d,
          chequers_ecumenical_altar_island
D:4:      minmay_temple_entry_overgrown

Table legend:
 A = Turns spent in this place as a percentage of turns spent in the entire game.
 B = Non-inter-level travel turns spent in this place as a percentage of non-inter-level travel turns spent in the entire game.
 C = Inter-level travel turns spent in this place as a percentage of turns spent in this place.
 D = Turns resting spent in this place as a percentage of non-inter-level travel turns spent in this place.
 E = Turns spent auto-exploring this place as a percentage of non-inter-level travel turns spent in this place.
 F = Non-inter-level travel turns spent in this place divided by the number of levels of this place that you've seen.
                   A       B       C       D       E      F
               +-------+-------+-------+-------+-------+----------------------
         Total | 100.0 | 100.0 |   4.3 |  19.6 |  63.4 | 646.0
       Dungeon | 100.0 | 100.0 |   4.3 |  19.6 |  63.4 | 646.0
               +-------+-------+-------+-------+-------+----------------------

Table legend:
 A = Kills in this place as a percentage of kills in entire the game.
 B = Kills by you in this place as a percentage of kills by you in the entire game.
 C = Kills by friends in this place as a percentage of kills by friends in the entire game.
 D = Other kills in this place as a percentage of other kills in the entire game.
 E = Experience gained in this place as a percentage of experience gained in the entire game.
 F = Experience gained in this place divided by the number of levels of this place that you have seen.
                   A       B       C       D       E      F
               +-------+-------+-------+-------+-------+----------------------
         Total | 100.0 | 100.0 |   N/A |   N/A | 100.0 |  40.5
       Dungeon | 100.0 | 100.0 |   N/A |   N/A | 100.0 |  40.5
               +-------+-------+-------+-------+-------+----------------------
